[Event "45th FIDE Womens Olympiad 2024"]
[Site "Budapest"]
[Date "2024.09.15"]
[Round "5.21"]
[White "Boitumelo, Sethabathaba"]
[Black "Magne, Kouokam Sylviane"]
[Result "1-0"]
[ECO "D35"]
[WhiteElo "1571"]
[BlackElo "1587"]
[PlyCount "169"]
[EventDate "2024.09.05"]
[EventType "team-tourn"]
[EventCountry "HUN"]
[WhiteTeam "Lesotho"]
[BlackTeam "Cameroon"]
[WhiteTeamCountry "LES"]
[BlackTeamCountry "CAM"]
[TimeControl "40/5400+30:1800+30"]

1. d4 d5 2. c4 e6 3. Nc3 Nf6 4. cxd5 exd5 5. Bg5 c6 6. e3 Bf5 7. Qb3 b6 8. Nf3 Be7 9. Bf4 O-O 10. Be2 c5 11. dxc5 bxc5 12. Qb7 Nbd7 13. Nxd5 Nxd5 14. Qxd5 Be6 15. Qd2 Qb6 16. O-O Bf6 17. Ng5 Rad8 18. Qc2 g6 19. Nxe6 fxe6 20. Rab1 e5 21. Bc4+ Kg7 22. Bg3 h5 23. f3 Nb8 24. b3 Rd6 25. Rbd1 Rfd8 26. Rd3 Nc6 27. Rxd6 Rxd6 28. Rd1 Nb4 29. Rxd6 Qxd6 30. Qe2 h4 31. Be1 g5 32. a3 Nc6 33. Qc2 Qd7 34. Bb5 Qd5 35. Bxc6 Qxc6 36. Qc4 Qd6 37. Qc2 Qb6 38. Kf2 Qe6 39. Qd3 g4 40. Qe4 gxf3 41. Kxf3 Qxb3 42. Qg4+ Kf7 43. Qh5+ Kg7 44. Qg4+ Kf7 45. Qd7+ Kg6 46. Qd6 Kf5 47. Qxc5 Bg5 48. Qc8+ Kg6 49. Qe8+ Kh7 50. Qh5+ Bh6 51. Qf5+ Kg8 52. Qg6+ Bg7 53. Bxh4 Qd1+ 54. Kg3 Qe1+ 55. Kh3 Qxe3+ 56. Qg3 Qh6 57. Qb3+ Kh7 58. Qf7 Qe3+ 59. Qf3 Qh6 60. Qf5+ Kh8 61. Qg5 Qe6+ 62. Qg4 Qb3+ 63. Qf3 Qe6+ 64. g4 e4 65. Qe3 a6 66. Be1 Bh6 67. Qd4+ Kh7 68. Bc3 e3 69. Qh8+ Kg6 70. Qe5 Qxe5 71. Bxe5 e2 72. Bc3 Be3 73. Kg3 Kg5 74. h4+ Kh6 75. Kf3 Bc5 76. a4 Be7 77. Be1 Bf6 78. Kxe2 Kg6 79. Kf3 Bb2 80. Ke4 Bf6 81. Kd5 Bd8 82. Kc6 a5 83. Kb5 Kh6 84. g5+ Kh5 85. Bxa5 1-0

[Event "45th FIDE Womens Olympiad 2024"]
[Site "Budapest"]
[Date "2024.09.15"]
[Round "5.22"]
[White "Yildiz Kadioglu, Betul Cemre"]
[Black "Socko, Monika"]
[Result "1/2-1/2"]
[ECO "C01"]
[WhiteElo "2314"]
[BlackElo "2422"]
[Annotator "RC"]
[PlyCount "74"]
[EventDate "2024.09.05"]
[EventType "team-tourn"]
[EventCountry "HUN"]
[SourceTitle "playchess.com"]
[Source "ChessBase"]
[SourceQuality "1"]
[WhiteTeam "Turkiye"]
[BlackTeam "Poland"]
[WhiteTeamCountry "TUR"]
[BlackTeamCountry "POL"]
[TimeControl "40/5400+30:1800+30"]

1. e4 e6 2. d4 d5 3. Bd3 dxe4 4. Bxe4 Nf6 5. Bf3 Bd6 6. Ne2 O-O 7. Nbc3 c5 8. O-O cxd4 9. Nxd4 a6 10. Be3 Qc7 11. g3 Rd8 12. Qe2 e5 13. Nb3 Be6 14. Rfd1 Nc6 15. Bg5 Be7 16. Bxf6 Bxf6 17. Nd5 Bxd5 18. Bxd5 Nd4 19. Nxd4 exd4 20. Bb3 a5 21. a4 g6 22. Rd3 Re8 23. Qg4 Qc6 24. Qf3 Re4 25. Rad1 Rae8 26. c3 Re1+ 27. Rxe1 Rxe1+ 28. Kg2 Qxf3+ 29. Rxf3 dxc3 30. bxc3 Kg7 31. Bd5 b6 32. c4 Re7 33. Re3 Rxe3 34. fxe3 Bc3 35. Kf3 f5 36. e4 Kf6 37. exf5 gxf5 1/2-1/2

[Event "45th FIDE Womens Olympiad 2024"]
[Site "Budapest"]
[Date "2024.09.15"]
[Round "5.22"]
[White "Danwe, Maissiri Carole"]
[Black "Ntsielo, Bonolo"]
[Result "0-1"]
[ECO "C02"]
[WhiteElo "1456"]
[BlackElo "1757"]
[PlyCount "94"]
[EventDate "2024.09.05"]
[EventType "team-tourn"]
[EventCountry "HUN"]
[WhiteTeam "Cameroon"]
[BlackTeam "Lesotho"]
[WhiteTeamCountry "CAM"]
[BlackTeamCountry "LES"]
[TimeControl "40/5400+30:1800+30"]

1. e4 e6 2. d4 d5 3. e5 c5 4. c3 Qb6 5. Nf3 Nc6 6. Be2 Bd7 7. O-O Nge7 8. Qc2 cxd4 9. cxd4 Nxd4 10. Nxd4 Qxd4 11. Qc3 Nc6 12. Qxd4 Nxd4 13. Bd3 Nc6 14. Re1 Bc5 15. Nc3 a6 16. Be3 d4 17. Ne4 Bb4 18. Bd2 Bxd2 19. Nxd2 Nb4 20. Be4 Bc6 21. a3 Bxe4 22. Rxe4 Nc6 23. Nb3 Rd8 24. Rd1 O-O 25. Nxd4 Rd5 26. f4 Rfd8 27. g3 Rxd4 28. Rdxd4 Rxd4 29. Re3 Rd1+ 30. Kf2 Rd2+ 31. Re2 Rxe2+ 32. Kxe2 Kf8 33. Kd3 Ke8 34. Kc4 Kd7 35. b4 b5+ 36. Kc5 Kc7 37. h3 Ne7 38. g4 Ng6 39. f5 exf5 40. gxf5 Nxe5 41. Kd5 Nc4 42. h4 Nxa3 43. Ke5 Nc2 44. f6 g6 45. Kf4 h6 46. Kg4 Nxb4 47. h5 g5 {0-} 0-1

[Event "45th FIDE Womens Olympiad 2024"]
[Site "Budapest"]
[Date "2024.09.15"]
[Round "5.23"]
[White "Maltsevskaya, Aleksandra"]
[Black "Aydin, Gulenay"]
[Result "1-0"]
[ECO "D02"]
[WhiteElo "2404"]
[BlackElo "2202"]
[Annotator "TA"]
[PlyCount "101"]
[EventDate "2024.09.05"]
[EventType "team-tourn"]
[EventCountry "HUN"]
[SourceTitle "playchess.com"]
[Source "ChessBase"]
[SourceQuality "1"]
[WhiteTeam "Poland"]
[BlackTeam "Turkiye"]
[WhiteTeamCountry "POL"]
[BlackTeamCountry "TUR"]
[TimeControl "40/5400+30:1800+30"]

1. d4 d5 2. Nf3 Nf6 3. Bf4 c5 4. e3 Nc6 5. Nbd2 cxd4 6. exd4 g6 7. c3 Bg7 8. Bb5 {[%emt 0:04:32] White is slightly better.} Bd7 9. O-O O-O 10. Re1 a6 11. Bxc6 Bxc6 12. Ne5 Rc8 13. h3 Re8 14. Qb3 e6 15. Nxc6 Rxc6 16. a4 (16. Qxb7 Rb6 17. Qc7 (17. Qa7 $2 Re7 $19) 17... Qxc7 18. Bxc7 Rxb2 $17) 16... b6 17. Be5 Nd7 18. Bxg7 Kxg7 19. Nf3 Qc7 20. Re3 Rb8 21. Ne1 b5 22. axb5 Rxb5 23. Qc2 e5 24. Qe2 (24. dxe5 {looks sharper.} d4 25. Rd3 Nc5 26. Rg3) 24... e4 25. Rxa6 Rxa6 26. Qxb5 Ra5 27. Qb4 (27. Qb3 {simplifies} Qb6 28. Qxb6 Nxb6 29. Re2) 27... Ra1 28. Qe7 Qc6 29. f3 Nf6 30. Qe5 Qb6 31. fxe4 dxe4 32. Rxe4 $2 (32. b4 $11 {and White has nothing to worry.}) 32... Qxb2 $2 (32... Ra5 $1 $19 33. Qe7 Nxe4 (33... Qxb2 34. Rf4 $11) 34. Qxe4 Qxb2) 33. Rf4 $16 Ra6 (33... Qb6 $142) 34. d5 $1 Qb6+ {[%emt 0:00:53] [#]} 35. Kh2 $1 Ra1 $2 (35... Qd6 36. Qxd6 Rxd6) 36. Nf3 (36. d6 $142 Qd8 37. Nd3) 36... Ra6 $18 37. c4 {[%emt 0:02:23] Hoping for Ng5.} Qd6 38. Qxd6 Rxd6 {[%emt 0:00:02][%mdl 4096] Endgame. KRN-KRN} 39. Ne5 Rd8 40. Rd4 {[%emt 0:02:10] Threatens to win with d6.} Re8 {[%emt 0:00:49] [#]} 41. Nd3 Re4 $2 (41... Rd8 {was called for.} 42. Kg3 (42. d6 Nd7 $18) 42... Ng8) 42. Rxe4 Nxe4 {[%emt 0:00:03] KN-KN} 43. c5 Kf6 44. g4 Nc3 {[%emt 0:06:20] [#]} 45. g5+ $1 Kf5 (45... Kxg5 46. d6) 46. d6 {[%emt 0:00:00][%cal Bd5d6,Bd6d7][%mdl 32] White mates.} Ke6 {[%emt 0:00:11] [#]} 47. Ne5 $1 Ne4 (47... Nd5 48. d7) 48. d7 Ke7 49. c6 Nxg5 50. c7 Nf3+ 51. Kg3 {[%emt 0:00:00] Weighted Error Value: White=0.22 (precise) /Black=0.46.  Loses game:     	White=1     	---        Missed win:     	---       	Black=1      Mistake:       	White=1     	Black=3      Inaccurate:     	White=3     	Black=5      OK:         	White=12    	Black=7      Best:        	White=3     	Black=1      Strong:       	White=2     	---        Brilliant:      	White=1     	---} 1-0

[Event "45th FIDE Womens Olympiad 2024"]
[Site "Budapest"]
[Date "2024.09.15"]
[Round "5.23"]
[White "Lintle, Molise"]
[Black "Tchouateu, Tankeu Stephanie"]
[Result "1-0"]
[ECO "D05"]
[WhiteElo "1583"]
[BlackElo "1565"]
[PlyCount "129"]
[EventDate "2024.09.05"]
[EventType "team-tourn"]
[EventCountry "HUN"]
[WhiteTeam "Lesotho"]
[BlackTeam "Cameroon"]
[WhiteTeamCountry "LES"]
[BlackTeamCountry "CAM"]
[TimeControl "40/5400+30:1800+30"]

1. Nf3 d5 2. d4 Nf6 3. e3 e6 4. Bd3 Bd6 5. Nbd2 Nc6 6. a3 a6 7. b3 O-O 8. Bb2 Re8 9. O-O e5 10. dxe5 Bxe5 11. Nxe5 Nxe5 12. Be2 Nc6 13. Nf3 Be6 14. Re1 h6 15. Nd4 Nxd4 16. Qxd4 c6 17. Bd3 Qe7 18. b4 Rad8 19. Rad1 Bg4 20. f3 Bh5 21. Qh4 Bg6 22. Bxg6 fxg6 23. Bxf6 Qxf6 24. Qxf6 gxf6 25. Kf2 Kg7 26. h4 h5 27. g4 Kh6 28. gxh5 Kxh5 29. Rg1 Rd6 30. c4 Red8 31. c5 R6d7 32. Rd4 Ra8 33. Rdg4 Rg7 34. f4 f5 35. Rg5+ Kh6 36. h5 Rag8 37. Rh1 Re7 38. hxg6+ Kg7 39. Rh7+ Kf6 40. Rxf5+ Kxf5 41. Rxe7 Rxg6 42. Rxb7 Ke4 43. Rb6 Rh6 44. Rxa6 Rh2+ 45. Kg3 Re2 46. Ra8 Rxe3+ 47. Kf2 Kxf4 48. Rf8+ Ke4 49. Re8+ Kd4 50. Rxe3 Kc4 51. Ke2 d4 52. Rd3 Kb5 53. Rxd4 Ka4 54. Rd6 Kxa3 55. Rxc6 Kxb4 56. Kd3 Kb5 57. Rc8 Kb4 58. Kd4 Kb3 59. Rb8+ Kc2 60. c6 Kd2 61. c7 Ke2 62. Rb3 Kd2 63. Rb2+ Kc1 64. Rh2 Kb1 65. Kc3 1-0

[Event "45th FIDE Womens Olympiad 2024"]
[Site "Budapest"]
[Date "2024.09.15"]
[Round "5.24"]
[White "Isgenderova, Hayale"]
[Black "Sliwicka, Alicja"]
[Result "0-1"]
[ECO "B31"]
[WhiteElo "2124"]
[BlackElo "2373"]
[Annotator "RC"]
[PlyCount "78"]
[EventDate "2024.09.05"]
[EventType "team-tourn"]
[EventCountry "HUN"]
[SourceTitle "playchess.com"]
[Source "ChessBase"]
[SourceQuality "1"]
[WhiteTeam "Turkiye"]
[BlackTeam "Poland"]
[WhiteTeamCountry "TUR"]
[BlackTeamCountry "POL"]
[TimeControl "40/5400+30:1800+30"]

1. e4 c5 2. Nf3 Nc6 3. Bb5 g6 4. O-O Bg7 5. c3 e5 6. d3 Nge7 7. Be3 d6 8. d4 exd4 9. cxd4 O-O 10. Nc3 b6 11. h3 Bb7 12. Qd2 Rc8 13. Rad1 cxd4 14. Nxd4 Ne5 15. f4 Nc4 16. Bxc4 Rxc4 17. Ndb5 d5 18. b3 Rc8 19. Nxd5 Nxd5 20. exd5 a6 21. Na3 b5 22. f5 Qd6 23. Nb1 Rfd8 24. Qf2 Rd7 25. f6 Bf8 26. Rd4 Qe5 27. Nd2 Rxd5 28. Rxd5 Qxd5 29. Nf3 Re8 30. Bd4 Qh5 31. Qg3 Qd5 32. Kh1 Bd6 33. Qh4 Re4 34. Qh6 Bf8 35. Qd2 Qd7 36. Qc3 b4 37. Qc4 Rf4 38. Qd3 Bxf3 39. Rxf3 Rxd4 0-1

[Event "45th FIDE Womens Olympiad 2024"]
[Site "Budapest"]
[Date "2024.09.15"]
[Round "5.25"]
[White "Mammadzada, Gunay"]
[Black "Osmak, Yuliia"]
[Result "0-1"]
[ECO "B92"]
[WhiteElo "2433"]
[BlackElo "2471"]
[Annotator "TA"]
[PlyCount "54"]
[EventDate "2024.09.05"]
[EventType "team-tourn"]
[EventCountry "HUN"]
[SourceTitle "playchess.com"]
[Source "ChessBase"]
[SourceQuality "1"]
[WhiteTeam "Azerbaijan"]
[BlackTeam "Ukraine"]
[WhiteTeamCountry "AZE"]
[BlackTeamCountry "UKR"]
[TimeControl "40/5400+30:1800+30"]

1. e4 c5 2. Nf3 d6 3. d4 cxd4 4. Nxd4 Nf6 5. Nc3 a6 6. Be3 e5 7. Nb3 Be7 8. f3 Be6 9. Be2 Nbd7 10. a4 Nb6 11. O-O d5 {[%emt 0:07:13] The position is equal.} 12. exd5 (12. a5 $11 d4 13. axb6 Bxb3 14. cxb3 dxe3 15. Na4) 12... Nbxd5 $17 13. Nxd5 Nxd5 14. Bf2 Qc7 {[%emt 0:05:08] Prevents Bc4.} 15. Qd2 Rc8 16. c3 (16. Rfc1 $15) 16... Rd8 (16... Nf4 $17 17. Nc1 O-O) 17. Qc2 $15 O-O {[%emt 0:20:07] Threatens to win with ...Nf4.} 18. Nc1 (18. Rfe1 $15) 18... Nf4 19. Re1 Bg5 {[%emt 0:02:06] Black is much more active.} 20. Nb3 {[%emt 0:06:22] Inhibits Rd2.} Qc8 {[%emt 0:09:14] And now ...Bf5 would win.} 21. Nc5 $2 {[%emt 0:01:20] [#] Loses the game.} (21. c4 $17) 21... Rd2 $1 $19 22. Qe4 (22. Qxd2 Nh3+ 23. gxh3 Bxd2 24. Red1) 22... Bd5 {[%emt 0:03:31] Black is clearly winning.} (22... Rxb2 23. Nxe6 Nxe2+ (23... fxe6 24. Qxe5 Rf5 25. Qe4 $11) (23... Qxe6 24. Bc4 $15) (23... Nxe6 24. Rab1 $15) 24. Rxe2 $15) 23. Qxe5 f6 (23... Rxb2 24. Qxg5 Rxe2 25. Qxf4 $16) 24. Qe7 Re8 ({Not} 24... Rxb2 25. Bf1 Ng6 26. Qd7 Qxd7 27. Nxd7 $14) 25. Qxe8+ Qxe8 26. Bb5 Qh5 {[%emt 0:01:55] [#] ( -> ...Nh3+)} (26... axb5 27. Rxe8+ Kf7 28. Ne4 Ne2+ 29. Kf1 Kxe8 30. Nxd2 Nxc3 31. bxc3 $16) 27. Re8+ Kf7 {[%emt 0:00:04] Weighted Error Value: White=1.15/Black=0.07 (flawless) .  Mistake:       	White=5     	Black=1      Inaccurate:     	White=1     	Black=1      OK:         	White=5     	Black=5      Strong:       	---       	Black=1} 0-1

[Event "45th FIDE Womens Olympiad 2024"]
[Site "Budapest"]
[Date "2024.09.15"]
[Round "5.25"]
[White "Gertrude, Banini"]
[Black "Nihaya, Ahmed"]
[Result "1/2-1/2"]
[ECO "D00"]
[WhiteElo "1712"]
[BlackElo "1589"]
[PlyCount "75"]
[EventDate "2024.09.05"]
[EventType "team-tourn"]
[EventCountry "HUN"]
[WhiteTeam "Ghana"]
[BlackTeam "Maldives"]
[WhiteTeamCountry "GHA"]
[BlackTeamCountry "MDV"]
[TimeControl "40/5400+30:1800+30"]

1. d4 d5 2. Bf4 Nf6 3. e3 c5 4. dxc5 Nc6 5. Bb5 Bf5 6. c3 a6 7. Bxc6+ bxc6 8. b4 e6 9. Nf3 Bg4 10. Qa4 Bxf3 11. Qxc6+ Nd7 12. gxf3 Be7 13. Qc7 O-O 14. Qxd8 Rfxd8 15. Nd2 e5 16. Bg3 Bf6 17. Rc1 g6 18. O-O h5 19. h3 Bg7 20. Rfd1 Nf8 21. Nb3 Ne6 22. Rd2 d4 23. cxd4 exd4 24. exd4 Bh6 25. f4 Nxf4 26. Bxf4 Bxf4 27. Rcd1 Bxd2 28. Rxd2 Rd5 29. f3 Kf8 30. Re2 Re8 31. Rc2 Ke7 32. Kf2 Kd7 33. a4 Rb8 34. Rc4 Kc7 35. Nd2 Rbd8 36. Nb3 Rb8 37. Nd2 Rbd8 38. Nb3 1/2-1/2

[Event "45th FIDE Womens Olympiad 2024"]
[Site "Budapest"]
[Date "2024.09.15"]
[Round "5.26"]
[White "Ushenina, Anna"]
[Black "Fataliyeva, Ulviyya"]
[Result "1/2-1/2"]
[ECO "A13"]
[WhiteElo "2417"]
[BlackElo "2378"]
[Annotator "TA"]
[PlyCount "158"]
[EventDate "2024.09.05"]
[EventType "team-tourn"]
[EventCountry "HUN"]
[SourceTitle "playchess.com"]
[Source "ChessBase"]
[SourceQuality "1"]
[WhiteTeam "Ukraine"]
[BlackTeam "Azerbaijan"]
[WhiteTeamCountry "UKR"]
[BlackTeamCountry "AZE"]
[TimeControl "40/5400+30:1800+30"]

1. Nf3 d5 2. e3 Nf6 3. c4 e6 4. b3 Be7 5. Bb2 O-O 6. Be2 b6 7. cxd5 exd5 8. O-O c5 9. d4 Nc6 10. Nc3 Bb7 11. Rc1 Rc8 12. dxc5 bxc5 13. Na4 {[%emt 0:00:03] A13: English Opening: 1...e6.} Ne4 14. Nd2 Nb4 15. a3 Na6 16. Nxe4 dxe4 17. Rc2 $146 ({Predecessor:} 17. Qc2 Qd7 18. h3 Rfd8 19. Bc4 Nc7 20. Qc3 Bf6 21. Qa5 Bxb2 22. Nxb2 Qc6 23. Na4 {1-0 Karthik,V (2565)-Eke,S (2180) Mersin op 7th 2023 (1)}) 17... Qxd1 18. Rxd1 Nb8 19. Be5 c4 20. b4 Bc6 21. Nb2 Nd7 22. Bd4 a5 23. Rxc4 axb4 24. axb4 Bd5 25. Rxc8 Rxc8 26. Bg4 Rc7 27. Bxd7 Rxd7 28. Bc5 Bf6 29. Nc4 Rd8 30. Na5 h6 31. g3 Ba8 32. Rxd8+ Bxd8 33. Nb3 Bd5 34. Nd4 Bf6 35. Nf5 Bc6 36. Bd4 Bd7 37. Nxh6+ gxh6 38. Bxf6 Kh7 39. Kf1 Kg6 40. Bh8 Kg5 41. Ke2 Kf5 42. Kd2 Ke6 43. g4 Kd5 44. Bg7 Kc4 45. Bxh6 Kxb4 46. h3 Kc5 47. Ke1 Bb5 48. f4 exf3 49. Kf2 Bc6 50. Bf8+ Kc4 51. h4 Be4 52. h5 Kd5 53. Kg3 Kc4 54. Kf2 (54. g5 $16) 54... Kd3 (54... Kd5 $11) 55. Be7 $16 Kc2 56. Bd8 Kd3 57. Bb6 Kc2 58. Bc7 Kd3 {[%emt 0:00:05] [#]} 59. Bg3 $1 Kd2 60. Bf4 Kd3 61. Bd6 Kc2 62. Bb4 Kd3 63. Ba5 Kc2 64. Be1 Kd3 65. g5 Kc2 66. Ba5 Kd3 67. Bd8 Kc2 {[%emt 0:00:14] [#]} 68. g6 (68. h6 $1 $16 {[%cal Og5g6] Strongly threatening g6!} Kb3 (68... Kd3 69. Bf6) 69. Bc7) 68... fxg6 $11 69. h6 g5 $1 70. Bxg5 Kd3 71. Bf4 Kc4 72. Bg3 Kd5 73. Bh4 Ke6 74. Kg3 Kf7 75. Kf4 Bb7 76. Kf5 Kg8 77. e4 Bxe4+ 78. Kxe4 Kh7 79. Kxf3 Kxh6 1/2-1/2

[Event "45th FIDE Womens Olympiad 2024"]
[Site "Budapest"]
[Date "2024.09.15"]
[Round "5.27"]
[White "Beydullayeva, Govhar"]
[Black "Buksa, Nataliya"]
[Result "1-0"]
[ECO "D35"]
[WhiteElo "2395"]
[BlackElo "2387"]
[Annotator "TA"]
[PlyCount "129"]
[EventDate "2024.09.05"]
[EventType "team-tourn"]
[EventCountry "HUN"]
[SourceTitle "playchess.com"]
[Source "ChessBase"]
[SourceQuality "1"]
[WhiteTeam "Azerbaijan"]
[BlackTeam "Ukraine"]
[WhiteTeamCountry "AZE"]
[BlackTeamCountry "UKR"]
[TimeControl "40/5400+30:1800+30"]

1. d4 Nf6 2. c4 e6 3. Nf3 d5 4. Nc3 Nbd7 5. cxd5 exd5 6. Bg5 c6 7. e3 h6 {[%emt 0:01:20] D35: Queen's Gambit Declined: Exchange Variation.} 8. Bh4 g5 9. Bg3 Nh5 10. Bd3 Nxg3 11. hxg3 Bg7 12. O-O O-O 13. b4 a6 14. a4 Re8 $146 ({Predecessor:} 14... Qe7 15. b5 a5 16. Qb3 Rd8 17. Rfc1 Nf8 18. Ne2 Bd7 19. Rab1 Qd6 20. bxc6 bxc6 {1-0 Moiseenko,A (2623)-Golubka,P (2479) UKR-ch 88th Lutsk 2019 (3)}) 15. Qc2 Nf6 16. Ne5 Ng4 17. Nxg4 Bxg4 18. a5 Qf6 19. Na4 Rad8 20. Nc5 Bc8 21. g4 h5 22. gxh5 Rd6 23. Qd1 (23. g3 $5) 23... g4 $1 24. g3 Qg5 25. Kg2 $1 Rh6 26. Rh1 Bf8 27. Rh4 Bd6 28. Be2 f5 29. Nd3 Re7 30. Qd2 Reh7 31. Rah1 Rxh5 32. Rxh5 Rxh5 33. Rxh5 Qxh5 34. Kg1 Qh7 35. Nc5 Kf8 36. Bd3 Qe7 37. Kg2 Qh7 38. Kg1 Qe7 39. Qc2 Qg5 40. Kg2 Qh5 41. Kg1 Ke7 42. Qb1 Kf6 43. Qf1 Ke7 44. Qc1 Qh8 45. Na4 Qh6 46. Nb6 Be6 47. Bxa6 f4 48. exf4 $1 (48. Bxb7 $2 fxg3 49. fxg3 Bxg3 $19) 48... Bf5 $2 {[%emt 0:00:00] [#]} (48... bxa6 $11 49. Qxc6 Qg6) 49. Bf1 $1 $16 (49. Bxb7 Be4 50. f3 (50. Bxc6 $2 Qh1#) (50. Nc8+ Kd8 51. f3 Bxf3 52. Qf1 Bxb4) 50... Bxf3 51. Qe1+ (51. Qxc6 $2 Qh1+ 52. Kf2 Qg2+ 53. Ke3 Qe2#) 51... Kd8 52. Bxc6 Be4 $19) 49... Bxb4 50. Qb2 Bxa5 $2 (50... Qd6) 51. Qa3+ $18 Kf7 52. Qxa5 Be4 53. Bg2 Bxg2 54. Kxg2 Qh3+ 55. Kg1 Qh7 56. Qe1 Qd3 57. Qa1 (57. Nc8 $142 Qg6 58. Qe7+ Kg8 59. Nd6 (59. Qxb7 Qe6 $18) (59. Qd8+ Kf7 60. Nd6+ Ke6 61. f5+ Qxf5 62. Nxf5 Kxf5 63. Qd7+ Kf6 64. Qxb7 Kf5) 59... Qg7 60. Qe6+ (60. Qxb7 Qxb7 61. Nxb7 Kf7 $18) 60... Kh7 61. f5 (61. Qf5+ Qg6 62. Qd7+ Qg7 63. Qe6 c5 64. f5 Qh6 65. Qe7+ Kg8) 61... Qh6 62. Qe7+ (62. Nxb7 c5 63. Qxh6+ Kxh6 64. dxc5 d4 65. Nd6 Kg5 66. c6 d3) (62. f6 Qc1+ 63. Kg2 Qg5 64. f7 Qg7 65. Qf5+ Kh6 66. f8=Q Qxf8 67. Qxf8+ Kh5 68. Qf6 b5 69. Nf5 b4 70. Qh6#) 62... Kg8 63. f6 (63. Nxb7 Qg7 $18)) 57... Kf6 58. Nd7+ Kf5 59. Nc5 Qc2 60. Qe1 Kg6 61. Qe6+ Kg7 62. Qe7+ Kh6 63. Qf6+ Kh7 64. Ne6 ({Stronger than} 64. Nxb7 Qd1+ 65. Kh2 Qe2 $11) 64... Qb1+ 65. Kh2 1-0

[Event "45th FIDE Womens Olympiad 2024"]
[Site "Budapest"]
[Date "2024.09.15"]
[Round "5.27"]
[White "Dotse, Dzidzor Esi"]
[Black "Aishath, Iva Hassan"]
[Result "0-1"]
[ECO "D38"]
[WhiteElo "1530"]
[BlackElo "1422"]
[PlyCount "60"]
[EventDate "2024.09.05"]
[EventType "team-tourn"]
[EventCountry "HUN"]
[WhiteTeam "Ghana"]
[BlackTeam "Maldives"]
[WhiteTeamCountry "GHA"]
[BlackTeamCountry "MDV"]
[TimeControl "40/5400+30:1800+30"]

1. d4 d5 2. c4 e6 3. Nc3 Nf6 4. Nf3 Bb4 5. Bg5 O-O 6. e3 Bxc3+ 7. bxc3 h6 8. Bh4 c5 9. cxd5 exd5 10. Be2 Nbd7 11. O-O c4 12. Ne5 Qa5 13. Nxd7 Nxd7 14. Be7 Re8 15. Bb4 Qc7 16. Qa4 Nf6 17. Bf3 Bd7 18. Qc2 a5 19. Ba3 b5 20. Bc5 Ne4 21. Bxe4 Rxe4 22. Rfe1 Rb8 23. a3 Rbe8 24. h3 R8e6 25. Re2 Rg6 26. Kh1 Rh4 27. f4 Qc8 28. Rf1 Bxh3 29. gxh3 Qxh3+ 30. Rh2 Qxf1# {0-} 0-1

[Event "45th FIDE Womens Olympiad 2024"]
[Site "Budapest"]
[Date "2024.09.15"]
[Round "5.28"]
[White "Gaponenko, Inna"]
[Black "Balajayeva, Khanim"]
[Result "1/2-1/2"]
[ECO "C56"]
[WhiteElo "2324"]
[BlackElo "2384"]
[Annotator "TA"]
[PlyCount "92"]
[EventDate "2024.09.05"]
[EventType "team-tourn"]
[EventCountry "HUN"]
[SourceTitle "playchess.com"]
[Source "ChessBase"]
[SourceQuality "1"]
[WhiteTeam "Ukraine"]
[BlackTeam "Azerbaijan"]
[WhiteTeamCountry "UKR"]
[BlackTeamCountry "AZE"]
[TimeControl "40/5400+30:1800+30"]

1. e4 e5 2. Nf3 Nc6 3. d4 exd4 4. Bc4 Nf6 5. e5 d5 6. Bb5 Ne4 7. Nxd4 Bc5 8. Be3 O-O 9. Nxc6 bxc6 10. Bxc5 Nxc5 11. Bxc6 Rb8 12. Qxd5 Qe7 13. O-O Rxb2 14. Nc3 Rxc2 15. Qd4 Ne6 16. Qd3 Rb2 17. Qe3 (17. Nd5 {keeps more tension.} Qc5 18. Rac1 Qd4 19. Qf5) 17... Rd8 {[%emt 0:04:16] Repels Nd5} 18. Nd5 $36 {[%emt 0:45:52][%mdl 2048] White is pushing.} Qh4 19. g3 (19. Rad1 {is interesting.} Ba6 20. g3 Qc4 21. Ne7+) 19... Qd4 20. Ne7+ Kh8 21. Nxc8 Rxc8 22. Rad1 Qxe3 23. fxe3 Rd8 24. Rxd8+ Nxd8 $16 {[%emt 0:00:03][%mdl 4096] Endgame. [#] KRB-KRN} 25. e6 $1 Nxe6 ({And not} 25... Nxc6 26. exf7 h6 27. f8=Q+ (27. f8=B Rxa2 28. Rf7 Kg8 $11) 27... Kh7 28. Rf7 (28. Qf5+ Kg8 29. Qd5+ Kh7 30. Qe4+ Kg8 31. Qe8+ Kh7 32. Rf8 Rb1+ 33. Kg2 Rb2+ 34. Kh3 Rxh2+ 35. Kxh2 g6 36. Rf7#) 28... Rb1+ 29. Kg2 (29. Rf1 Rxf1+ 30. Kxf1 Ne5 $18) 29... Rb2+ 30. Kh3) 26. Rxf7 g6 27. Bd5 Rb1+ 28. Kf2 {[%emt 0:00:53] White is more active.} Rb2+ {[%emt 0:00:09] [#]} 29. Ke1 (29. Kf1 $1 $16 Ng5 30. Rxc7) 29... Nc5 $14 30. Rxc7 Nd3+ 31. Kf1 a5 32. h4 Nb4 33. e4 {[%emt 0:00:23] Threatens to win with a4.} Nxd5 $1 34. exd5 $11 {[%emt 0:00:01] Hoping for d6. KR-KR} Rd2 $1 35. Rc5 Rxa2 36. Ke1 {[%emt 0:00:01] aiming for d6.} Kg7 37. d6 Kf7 38. Rc7+ Ke6 39. Rxh7 {[%emt 0:00:02] Intending d7 and mate.} Kxd6 (39... Rb2 {feels hotter.} 40. d7 Rb8 41. Rh6 Kf7) 40. Rg7 Ke5 41. Rxg6 a4 ({Better is} 41... Ke4 $11) 42. h5 (42. Rg4 $1 $14) 42... a3 {[%emt 0:00:00] The position is equal.} 43. Ra6 Kf5 44. h6 Kg4 45. h7 Rh2 46. Rxa3 Rxh7 {[%emt 0:00:00] Weighted Error Value: White=0.06 (flawless) /Black=0.08 (flawless) .  Mistake:       	White=2     	Black=1      Inaccurate:     	White=1     	Black=3      OK:         	White=18    	Black=20     Best:        	White=4     	Black=3      Strong:       	---       	Black=2      Brilliant:      	White=1     	---} 1/2-1/2

[Event "45th FIDE Womens Olympiad 2024"]
[Site "Budapest"]
[Date "2024.09.15"]
[Round "5.28"]
[White "Fathmath, Zoya Hassan Saeed"]
[Black "Hephzibah, Awura-Ama Manubea Ta"]
[Result "0-1"]
[ECO "C02"]
[WhiteElo "1409"]
[BlackElo "1516"]
[PlyCount "118"]
[EventDate "2024.09.05"]
[EventType "team-tourn"]
[EventCountry "HUN"]
[WhiteTeam "Maldives"]
[BlackTeam "Ghana"]
[WhiteTeamCountry "MDV"]
[BlackTeamCountry "GHA"]
[TimeControl "40/5400+30:1800+30"]

1. e4 e6 2. d4 d5 3. e5 c5 4. c3 Nc6 5. Nf3 Qb6 6. Bd3 Nge7 7. a3 Ng6 8. O-O Bd7 9. dxc5 Bxc5 10. b4 Be7 11. Re1 a6 12. Nbd2 O-O 13. Nb3 Qc7 14. Qe2 Rac8 15. Bd2 Be8 16. Rac1 f6 17. Nbd4 Bf7 18. exf6 Bxf6 19. Nxe6 Bxe6 20. Qxe6+ Qf7 21. Bf5 Rce8 22. Qxf7+ Kxf7 23. Bc2 Kg8 24. Kf1 Nge5 25. Nxe5 Nxe5 26. Bb3 Rd8 27. Rc2 Nc4 28. Bc1 Ne5 29. Rd1 Nc4 30. Rxd5 b5 31. Rcd2 Nxd2+ 32. Rxd2+ Kh8 33. Rxd8 Rxd8 34. Ke2 Bxc3 35. f3 a5 36. bxa5 Bxa5 37. h4 Bc3 38. g4 h6 39. h5 Bf6 40. Bd2 Bg5 41. Bxg5 hxg5 42. a4 b4 43. Ke3 Kh7 44. Ke2 Rc8 45. Kd2 Rc3 46. Bd1 Kh6 47. Bc2 Rxf3 48. Bd1 Rg3 49. Kc2 g6 50. hxg6 Kxg6 51. Kb2 Kf6 52. Kc2 Ke5 53. Kb2 Kd4 54. Kc2 Ra3 55. Kb2 Ke3 56. Kc1 Kd3 57. Kb2 Kd4 58. Kb1 Kc3 59. Bc2 b3 {0-} 0-1